Golden Knights vs Blue Jackets
Created - November 12, 2020 at 19:34
Goals
|
Golden Knights |
1 |
5 |
2 |
8 |
Blue Jackets |
0 |
2 |
0 |
2 |
|
Shots
|
Golden Knights |
10 |
14 |
7 |
31 |
Blue Jackets |
7 |
15 |
2 |
24 |
|
1st period
1. Golden Knights , Matt Stajan 5 (Sergei Plotnikov 2) at 18:28
Penalties :
Dennis Wideman (Clb) for Roughing (Minor) at 7:07, Wes O'Neill (Vgs) for Hooking (Minor) at 13:33
2nd period
2. Golden Knights , Michael Frolik 7 (Andrei Loktionov 12) at 0:13
3. Golden Knights , Ilya Kovalchuk 5 (Zach Bogosian 9, Andrei Loktionov 13) at 0:23
4. Golden Knights , Andrei Loktionov 7 (Michael Frolik 9, Jared Cowen 8) at 1:17
5. Golden Knights , Michael Frolik 8 (Wes O'Neill 1) at 5:12
6. Blue Jackets , Tyler Kennedy 4 (Eric Wellwood 4) at 10:16
7. Blue Jackets , Martin Havlat 1 (Cam Fowler 7) at 11:29 (PP)
8. Golden Knights , Wayne Simmonds 3 (Ilya Kovalchuk 5, Zach Bogosian 10) at 14:10
Penalties :
Pavel Datsyuk (Clb) for High sticking (Minor) at 3:04, Artemi Panarin (Clb) for Hooking (Minor) at 7:06, Wayne Simmonds (Vgs) for Roughing (Double Minor) at 10:55, Vladimir Mihalik (Vgs) for Slashing (Minor) at 18:05
3rd period
9. Golden Knights , Matt Stajan 6 (Jared Cowen 9, Zach Bogosian 11) at 10:24
10. Golden Knights , Andrei Loktionov 8 (Ilya Kovalchuk 6, Zach Bogosian 12) at 17:35 (PP)
Penalties :
Ilya Kovalchuk (Vgs) for Boarding (Minor) at 2:59, Andreas Nodl (Clb) for Tripping (Minor) at 5:44, Dalton Prout (Clb) for Hooking (Minor) at 16:40, Dennis Wideman (Clb) for Hooking (Minor) at 18:29
Goalie Stats
Matt Hackett (Vgs), 22 saves from 24 shots - (0.917), W, 1-0-0, 60:00 minutes
Andrei Vasilevskiy (Clb), 14 saves from 18 shots - (0.778), 38:43 minutes
Rick DiPietro (Clb), 9 saves from 13 shots - (0.692), L, 1-3-0, 21:17 minutes
Players Stats for Golden Knights
Player Name G A P +/- PIM S H SB GA TA FO MP PP MP PK MP
------------------------------------------------------------------------------------
Andrei Loktionov 2 2 4 2 0 6 1 0 1 1 13/19 17:52 5:20 0:00
Chris Higgins 0 0 0 0 0 0 0 0 1 1 0/0 6:57 0:00 0:00
Chris Tierney 0 0 0 1 0 4 1 1 0 0 7/11 16:02 0:00 4:17
Ilya Kovalchuk 1 2 3 3 2 2 2 0 0 1 1/1 21:54 5:20 3:03
Jared Cowen 0 2 2 4 0 0 1 0 1 0 0/0 25:15 4:41 3:57
Mathew Dumba 0 0 0 3 0 2 3 1 0 1 0/0 22:44 5:40 4:33
Matt Stajan 2 0 2 3 0 2 0 0 1 1 6/18 14:58 5:01 0:06
Michael Frolik 2 1 3 3 0 7 1 0 1 0 2/2 17:43 5:01 0:00
Michael Kostka 0 0 0 -1 0 0 1 2 0 0 0/0 17:16 0:00 4:33
Patrice Cormier 0 0 0 0 0 1 1 0 0 0 1/5 11:40 0:00 4:04
Sergei Plotnikov 0 1 1 3 0 0 2 0 0 0 0/1 21:05 5:01 0:25
Shawn Matthias 0 0 0 0 0 0 3 0 0 0 0/0 13:21 0:00 2:32
Steve Bernier 0 0 0 0 0 1 0 0 0 0 0/0 10:59 0:00 0:00
Vladimir Mihalik 0 0 0 -1 2 0 3 0 0 3 0/0 12:16 0:00 0:00
Vladimir Zharkov 0 0 0 0 0 0 0 0 0 0 0/0 5:25 5:20 0:00
Wayne Simmonds 1 0 1 3 4 2 0 1 0 0 1/2 13:14 0:00 2:33
Wes O'Neill 0 1 1 4 2 2 2 0 0 0 0/0 16:13 4:41 0:00
Zach Bogosian 0 4 4 3 0 2 2 1 3 2 0/0 26:32 5:40 3:57
Players Stats for Blue Jackets
Player Name G A P +/- PIM S H SB GA TA FO MP PP MP PK MP
------------------------------------------------------------------------------------
Andreas Nodl 0 0 0 0 2 0 1 0 0 0 0/0 7:13 0:00 0:00
Artemi Panarin 0 0 0 -3 2 2 2 1 0 0 1/2 24:05 5:05 4:14
Brandon Bollig 0 0 0 0 0 0 0 0 0 0 0/0 7:14 0:00 0:00
Branislav Mezei 0 0 0 1 0 1 0 0 1 0 0/0 15:04 3:04 2:12
Cam Fowler 0 1 1 -4 0 0 2 1 2 0 0/0 29:09 5:26 5:38
Cody Eakin 0 0 0 0 0 1 0 1 0 0 2/2 8:38 0:00 1:23
Dalton Prout 0 0 0 -3 2 0 2 2 0 0 0/0 17:22 0:00 4:02
Dennis Wideman 0 0 0 -3 4 0 3 1 1 0 0/0 19:51 3:04 3:12
Devin Setoguchi 0 0 0 -3 0 3 1 0 1 1 0/2 19:48 5:05 0:00
Eric Wellwood 0 1 1 -1 0 0 2 1 2 0 2/2 11:17 0:00 3:17
Martin Havlat 1 0 1 -2 0 4 1 0 0 1 1/2 17:26 3:25 2:49
Max Pacioretty 0 0 0 -2 0 6 2 0 1 0 1/1 15:59 3:25 1:28
Mike Lundin 0 0 0 -4 0 0 5 1 1 2 0/0 29:09 5:26 5:38
Pavel Datsyuk 0 0 0 -2 2 1 0 0 0 0 9/14 16:41 3:25 2:05
Peter Mueller 0 0 0 -1 0 0 0 0 0 0 0/3 7:56 0:00 0:00
Rob Scuderi 0 0 0 1 0 1 0 2 0 1 0/0 9:27 0:00 0:00
Tyler Kennedy 1 0 1 -1 0 2 0 0 1 2 0/0 7:56 0:00 0:00
Tyler Seguin 0 0 0 -3 0 3 1 1 0 1 12/31 25:18 5:05 5:26
3 Stars
1 - Andrei Loktionov (Vgs)
2 - Michael Frolik (Vgs)
3 - Zach Bogosian (Vgs)
Power Play
Golden Knights - 1 on 6 Attempt(s) - 16.67%
Blue Jackets - 1 on 5 Attempt(s) - 20.00%
Penalty Kill
Golden Knights - 4 on 5 Attempt(s) - 80.00%
- Score 0 goal in Penalty Kill
Blue Jackets - 5 on 6 Attempt(s) - 83.33%
- Score 0 goal in Penalty Kill
Team Stat
Golden Knights - Hits : 23 - Faceoff Wins : 31 - Blocked Shots : 6 - Penalty Minutes : 10
Blue Jackets - Hits : 22 - Faceoff Wins : 28 - Blocked Shots : 11 - Penalty Minutes : 12
Official
Referees : Unknown
Linesman : Unknown
Game Notes
Andrei Vasilevskiy enters game at 1:17 of 2nd period
Finance
Level 1 -- Attendance: 4663 (77.72%) -- Ticket Income $536,245
Level 2 -- Attendance: 3648 (72.96%) -- Ticket Income $273,600
Level 3 -- Attendance: 1557 (77.85%) -- Ticket Income $70,065
Level 4 -- Attendance: 3282 (82.05%) -- Ticket Income $98,460
Luxury Box -- Attendance: 799 (79.90%) -- Ticket Income $171,785
Game was played at the Ohio State Arena.
Total Attendance: 13949 (77.49%)
Total Ticket Income: $1,150,155
Other Income: $172,523
Total Income: $1,322,678
Golden Knights
5 vs 5 Forward
Center Left Wing Right Wing Time % Phy DF OF
1 Andrei Loktionov Ilya Kovalchuk Michael Frolik 35 1 2 2
2 Matt Stajan Sergei Plotnikov Wayne Simmonds 30 1 2 2
3 Patrice Cormier Chris Higgins Sergei Plotnikov 22 1 2 2
4 Chris Tierney Shawn Matthias Steve Bernier 13 1 2 2
5 vs 5 Defense
Defense Defense Time % Phy DF OF
1 Zach Bogosian Jared Cowen 40 1 2 2
2 Wes O'Neill Mathew Dumba 30 1 2 2
3 Vladimir Mihalik Michael Kostka 30 1 2 2
4 Zach Bogosian Jared Cowen 0 1 2 2
PowerPlay Forward
Center Left Wing Right Wing Time % Phy DF OF
1 Andrei Loktionov Ilya Kovalchuk Vladimir Zharkov 50 1 2 2
2 Matt Stajan Sergei Plotnikov Michael Frolik 50 1 2 2
PowerPlay Defense
Defense Defense Time % Phy DF OF
1 Zach Bogosian Mathew Dumba 50 1 2 2
2 Wes O'Neill Jared Cowen 50 1 2 2
Penalty Kill 4 Players Forward
Center Wing Time % Phy DF OF
1 Chris Tierney Ilya Kovalchuk 50 1 2 2
2 Patrice Cormier Wayne Simmonds 50 1 2 2
Penalty Kill 4 Players Defense
Defense Defense Time % Phy DF OF
1 Zach Bogosian Jared Cowen 50 1 2 2
2 Michael Kostka Mathew Dumba 50 1 2 2
Penalty Kill - 3 Players Forward
Forward Time % Phy DF OF
1 Michael Frolik 60 1 2 2
2 Ilya Kovalchuk 40 1 2 2
Penalty Kill - 3 Players Defense
Defense Defense Time % Phy DF OF
1 Vladimir Mihalik Jared Cowen 69 1 2 2
2 Michael Kostka Wes O'Neill 31 1 2 2
4 vs 4 Forward
Center Wing Time % Phy DF OF
1 Michael Frolik Ilya Kovalchuk 60 1 2 2
2 Andrei Loktionov Matt Stajan 40 1 2 2
4 vs 4 Defense
Defense Defense Time % Phy DF OF
1 Zach Bogosian Jared Cowen 60 1 2 2
2 Michael Kostka Mathew Dumba 40 1 2 2
Last Minutes Offensive
Center Left Wing Right Wing Defense Defense
Andrei Loktionov Sergei Plotnikov Michael Frolik Zach Bogosian Wes O'Neill
Last Minutes Defensive
Center Left Wing Right Wing Defense Defense
Matt Stajan Ilya Kovalchuk Michael Frolik Michael Kostka Jared Cowen
Goaltenders
Starting : Matt Hackett
Backup : Ondrej Pavelec
Extra Forwards
Normal : Patrice Cormier, Steve Bernier, Shawn Matthias - PP : Patrice Cormier, Steve Bernier - PK : Shawn Matthias
Extra Defensemen
Normal : Vladimir Mihalik, Wes O'Neill, Michael Kostka - PP : Vladimir Mihalik - PK : Wes O'Neill, Michael Kostka
Penalty Shots
Michael Frolik, Ilya Kovalchuk, Andrei Loktionov, Matt Stajan, Wayne Simmonds
Scratches
None
Blue Jackets
5 vs 5 Forward
Center Left Wing Right Wing Time % Phy DF OF
1 Tyler Seguin Artemi Panarin Devin Setoguchi 40 1 2 2
2 Pavel Datsyuk Max Pacioretty Martin Havlat 30 1 2 2
3 Peter Mueller Eric Wellwood Tyler Kennedy 20 1 2 2
4 Cody Eakin Brandon Bollig Andreas Nodl 10 1 2 2
5 vs 5 Defense
Defense Defense Time % Phy DF OF
1 Mike Lundin Cam Fowler 40 1 2 2
2 Dennis Wideman Dalton Prout 30 1 2 2
3 Rob Scuderi Branislav Mezei 20 1 2 2
4 Mike Lundin Cam Fowler 10 1 2 2
PowerPlay Forward
Center Left Wing Right Wing Time % Phy DF OF
1 Tyler Seguin Artemi Panarin Devin Setoguchi 60 1 2 2
2 Pavel Datsyuk Max Pacioretty Martin Havlat 40 1 2 2
PowerPlay Defense
Defense Defense Time % Phy DF OF
1 Mike Lundin Cam Fowler 60 1 2 2
2 Dennis Wideman Branislav Mezei 40 1 2 2
Penalty Kill 4 Players Forward
Center Wing Time % Phy DF OF
1 Tyler Seguin Artemi Panarin 60 1 2 2
2 Pavel Datsyuk Martin Havlat 40 1 2 2
Penalty Kill 4 Players Defense
Defense Defense Time % Phy DF OF
1 Mike Lundin Cam Fowler 60 1 2 2
2 Dennis Wideman Dalton Prout 40 1 2 2
Penalty Kill - 3 Players Forward
Forward Time % Phy DF OF
1 Tyler Seguin 60 1 2 2
2 Pavel Datsyuk 40 1 2 2
Penalty Kill - 3 Players Defense
Defense Defense Time % Phy DF OF
1 Mike Lundin Cam Fowler 60 1 2 2
2 Rob Scuderi Dalton Prout 40 1 2 2
4 vs 4 Forward
Center Wing Time % Phy DF OF
1 Tyler Seguin Artemi Panarin 60 1 2 2
2 Pavel Datsyuk Martin Havlat 40 1 2 2
4 vs 4 Defense
Defense Defense Time % Phy DF OF
1 Mike Lundin Cam Fowler 60 1 2 2
2 Dennis Wideman Dalton Prout 40 1 2 2
Last Minutes Offensive
Center Left Wing Right Wing Defense Defense
Tyler Seguin Artemi Panarin Devin Setoguchi Mike Lundin Cam Fowler
Last Minutes Defensive
Center Left Wing Right Wing Defense Defense
Tyler Seguin Artemi Panarin Devin Setoguchi Mike Lundin Cam Fowler
Goaltenders
Starting : Rick DiPietro
Backup : Andrei Vasilevskiy
Extra Forwards
Normal : Pavel Datsyuk, Tyler Kennedy, Eric Wellwood - PP : Pavel Datsyuk, Tyler Kennedy - PK : Eric Wellwood
Extra Defensemen
Normal : Rob Scuderi, Branislav Mezei, Dennis Wideman - PP : Rob Scuderi - PK : Branislav Mezei, Dennis Wideman
Penalty Shots
Tyler Seguin, Artemi Panarin, Max Pacioretty, Peter Mueller, Devin Setoguchi
Scratches
Ryan Wilson (Healthy)
% Time on Ice - Golden Knights
Lines # - Real PCT - Wanted PCT - Time Play
Normal Forward
1 - 33% - 35% - 13:30
2 - 24% - 30% - 9:55
3 - 17% - 22% - 6:57
4 - 26% - 13% - 10:47
Normal Defense
1 - 43% - 40% - 17:31
2 - 28% - 30% - 11:37
3 - 29% - 30% - 12:01
4 - 0% - 0% - 0:00
PP Forward
1 - 52% - 50% - 5:20
2 - 48% - 50% - 5:01
PP Defense
1 - 55% - 50% - 5:40
2 - 45% - 50% - 4:41
PK Forward
1 - 52% - 50% - 4:26
2 - 48% - 50% - 4:04
PK Defense
1 - 46% - 50% - 3:57
2 - 54% - 50% - 4:33
PK3 Forward
1 - 0% - 60%
2 - 0% - 40%
PK3 Defense
1 - 0% - 69%
2 - 0% - 31%
44 Forward
1 - 0% - 60%
2 - 0% - 40%
44 Defense
1 - 0% - 60%
2 - 0% - 40%
Last Minute Offensive - 0:00
Last Minute Defensive - 0:00
Total
Forward - 60:00
Defense - 60:00
|
% Time on Ice - Blue Jackets
Lines # - Real PCT - Wanted PCT - Time Play
Normal Forward
1 - 36% - 40% - 14:47
2 - 27% - 30% - 11:12
3 - 19% - 20% - 7:56
4 - 18% - 10% - 7:14
Normal Defense
1 - 40% - 40% - 16:31
2 - 33% - 30% - 13:37
3 - 23% - 20% - 9:27
4 - 4% - 10% - 1:34
PP Forward
1 - 60% - 60% - 5:05
2 - 40% - 40% - 3:25
PP Defense
1 - 64% - 60% - 5:26
2 - 36% - 40% - 3:04
PK Forward
1 - 73% - 60% - 7:32
2 - 27% - 40% - 2:49
PK Defense
1 - 54% - 60% - 5:38
2 - 46% - 40% - 4:43
PK3 Forward
1 - 0% - 60%
2 - 0% - 40%
PK3 Defense
1 - 0% - 60%
2 - 0% - 40%
44 Forward
1 - 0% - 60%
2 - 0% - 40%
44 Defense
1 - 0% - 60%
2 - 0% - 40%
Last Minute Offensive - 0:00
Last Minute Defensive - 0:00
Total
Forward - 60:00
Defense - 60:00
|
Play-by-Play
1st period
0:01 of 1st period - Tyler Seguin wins face-off versus Andrei Loktionov in neutral zone.
0:16 of 1st period - Slapshot by Devin Setoguchi.
0:16 of 1st period - Stopped by Matt Hackett without a rebound.
0:17 of 1st period - Pavel Datsyuk wins face-off versus Matt Stajan in Golden Knights zone.
0:24 of 1st period - Wrist shot by Max Pacioretty.
0:24 of 1st period - Stopped by Matt Hackett without a rebound.
0:25 of 1st period - Wayne Simmonds wins face-off versus Martin Havlat in Golden Knights zone.
1:11 of 1st period - Snap shot by Max Pacioretty.
1:11 of 1st period - Stopped by Matt Hackett without a rebound.
1:12 of 1st period - Chris Tierney wins face-off versus Peter Mueller in Golden Knights zone.
1:19 of 1st period - Snap shot by Chris Tierney.
1:19 of 1st period - Deflect By Steve Bernier.
1:19 of 1st period - Shot Misses the Net.
1:19 of 1st period - Puck is out of play.
1:20 of 1st period - Chris Tierney wins face-off versus Peter Mueller in Blue Jackets zone.
2:05 of 1st period - Snap shot by Steve Bernier.
2:05 of 1st period - Stopped by Rick DiPietro without a rebound.
2:06 of 1st period - Patrice Cormier wins face-off versus Tyler Seguin in Blue Jackets zone.
2:37 of 1st period - Brandon Bollig is hit by Mathew Dumba.
3:07 of 1st period - Max Pacioretty is hit by Vladimir Mihalik and loses puck.
3:23 of 1st period - Patrice Cormier is hit by Martin Havlat and loses puck.
3:38 of 1st period - Wrist shot by Max Pacioretty.
3:38 of 1st period - Stopped by Matt Hackett without a rebound.
3:39 of 1st period - Andrei Loktionov wins face-off versus Tyler Seguin in Golden Knights zone.
3:39 of 1st period - Andrei Loktionov is hit by Mike Lundin.
3:45 of 1st period - Off-side.
3:46 of 1st period - Andrei Loktionov wins face-off versus Tyler Seguin in neutral zone.
4:00 of 1st period - Ilya Kovalchuk is hit by Cam Fowler and loses puck.
4:42 of 1st period - Slapshot by Dennis Wideman.
4:42 of 1st period - Shot Blocked by Zach Bogosian.
5:39 of 1st period - Wrist shot by Chris Tierney.
5:39 of 1st period - Stopped by Rick DiPietro with a rebound.
6:26 of 1st period - Slapshot by Chris Tierney.
6:26 of 1st period - Stopped by Rick DiPietro without a rebound.
6:27 of 1st period - Chris Tierney wins face-off versus Pavel Datsyuk in Blue Jackets zone.
6:34 of 1st period - Snap shot by Chris Tierney.
6:34 of 1st period - Stopped by Rick DiPietro without a rebound.
6:35 of 1st period - Andrei Loktionov wins face-off versus Tyler Seguin in Blue Jackets zone.
6:48 of 1st period - Snap shot by Ilya Kovalchuk.
6:48 of 1st period - Stopped by Rick DiPietro without a rebound.
6:49 of 1st period - Tyler Seguin wins face-off versus Sergei Plotnikov in Blue Jackets zone.
7:07 of 1st period - Minor Penalty to Dennis Wideman for Roughing.
7:08 of 1st period - Tyler Seguin wins face-off versus Andrei Loktionov in Blue Jackets zone.
9:07 of 1st period - Penalty to Dennis Wideman is over, Dennis Wideman is back on ice.
9:17 of 1st period - Zach Bogosian is hit by Andreas Nodl and loses puck.
9:38 of 1st period - Steve Bernier is hit by Cam Fowler and loses puck.
9:45 of 1st period - Michael Kostka is hit by Mike Lundin and loses puck.
9:54 of 1st period - Vladimir Mihalik is hit by Max Pacioretty and loses puck.
10:13 of 1st period - Brandon Bollig is hit by Patrice Cormier and loses puck.
10:18 of 1st period - Snap shot by Patrice Cormier.
10:18 of 1st period - Shot Blocked by Dalton Prout.
10:20 of 1st period - Snap shot by Chris Higgins.
10:20 of 1st period - Shot Blocked by Cody Eakin.
10:22 of 1st period - Slapshot by Jared Cowen.
10:22 of 1st period - Shot Misses the Net.
11:22 of 1st period - Eric Wellwood is hit by Wes O'Neill and loses puck.
11:40 of 1st period - Michael Frolik is hit by Artemi Panarin and loses puck.
12:13 of 1st period - Cam Fowler is hit by Sergei Plotnikov and loses puck.
12:26 of 1st period - Wes O'Neill is hit by Mike Lundin and loses puck.
12:45 of 1st period - Wrist shot by Devin Setoguchi.
12:45 of 1st period - Shot Blocked by Wayne Simmonds.
13:19 of 1st period - Michael Kostka is hit by Dennis Wideman and loses puck.
13:30 of 1st period - Snap shot by Martin Havlat.
13:30 of 1st period - Stopped by Matt Hackett without a rebound.
13:31 of 1st period - Andrei Loktionov wins face-off versus Tyler Seguin in Golden Knights zone.
13:33 of 1st period - Minor Penalty to Wes O'Neill for Hooking.
13:34 of 1st period - Chris Tierney wins face-off versus Tyler Seguin in Golden Knights zone.
13:46 of 1st period - Wayne Simmonds is hit by Tyler Seguin and loses puck.
15:28 of 1st period - Icing by Cam Fowler.
15:29 of 1st period - Pavel Datsyuk wins face-off versus Patrice Cormier in Blue Jackets zone.
15:33 of 1st period - Penalty to Wes O'Neill is over, Wes O'Neill is back on ice.
16:21 of 1st period - Slapshot by Dalton Prout.
16:21 of 1st period - Shot Misses the Net.
17:12 of 1st period - Mike Lundin is hit by Chris Tierney and loses puck.
17:19 of 1st period - Snap shot by Chris Tierney.
17:19 of 1st period - Stopped by Rick DiPietro with a rebound.
17:21 of 1st period - Backhand shot by Zach Bogosian.
17:21 of 1st period - Deflect By Steve Bernier.
17:21 of 1st period - Shot Misses the Net.
17:21 of 1st period - Puck is out of play.
17:22 of 1st period - Tyler Seguin wins face-off versus Matt Stajan in Blue Jackets zone.
17:49 of 1st period - Max Pacioretty is hit by Mathew Dumba and loses puck.
17:54 of 1st period - Snap shot by Michael Frolik.
17:54 of 1st period - Stopped by Rick DiPietro with a rebound.
17:56 of 1st period - Snap shot by Andrei Loktionov.
17:56 of 1st period - Stopped by Rick DiPietro with a rebound.
17:58 of 1st period - Slapshot by Ilya Kovalchuk.
17:58 of 1st period - Deflect By Andrei Loktionov.
17:58 of 1st period - Stopped by Rick DiPietro with a rebound.
18:00 of 1st period - Slapshot by Vladimir Mihalik.
18:00 of 1st period - Shot Blocked by Rob Scuderi.
18:02 of 1st period - Backhand shot by Andrei Loktionov.
18:02 of 1st period - Shot Blocked by Rob Scuderi.
18:12 of 1st period - Wrist shot by Peter Mueller.
18:12 of 1st period - Deflect By Tyler Kennedy.
18:12 of 1st period - Stopped by Matt Hackett with a rebound.
18:14 of 1st period - Wrist shot by Eric Wellwood.
18:14 of 1st period - Shot Misses the Net.
18:16 of 1st period - Snap shot by Tyler Kennedy.
18:16 of 1st period - Deflect By Peter Mueller.
18:16 of 1st period - Shot Blocked by Michael Kostka.
18:16 of 1st period - Puck is out of play.
18:17 of 1st period - Eric Wellwood wins face-off versus Matt Stajan in Golden Knights zone.
18:28 of 1st period - Wrist shot by Matt Stajan.
18:28 of 1st period - Goal by Matt Stajan - Golden Knights : 1 - Blue Jackets : 0.
18:29 of 1st period - Tyler Seguin wins face-off versus Andrei Loktionov in neutral zone.
18:36 of 1st period - Snap shot by Devin Setoguchi.
18:36 of 1st period - Stopped by Matt Hackett with a rebound.
18:56 of 1st period - Tyler Seguin is hit by Wes O'Neill and loses puck.
19:19 of 1st period - Backhand shot by Zach Bogosian.
19:19 of 1st period - Deflect By Steve Bernier.
19:19 of 1st period - Shot Misses the Net.
19:19 of 1st period - Puck is out of play.
19:20 of 1st period - Pavel Datsyuk wins face-off versus Chris Tierney in Blue Jackets zone.
19:27 of 1st period - Slapshot by Martin Havlat.
19:27 of 1st period - Deflect By Pavel Datsyuk.
19:27 of 1st period - Shot Misses the Net.
19:27 of 1st period - Puck is out of play.
19:28 of 1st period - Max Pacioretty wins face-off versus Andrei Loktionov in Golden Knights zone.
19:35 of 1st period - Snap shot by Pavel Datsyuk.
19:35 of 1st period - Shot Misses the Net.
19:57 of 1st period - Sergei Plotnikov is hit by Dalton Prout and loses puck.
Goals for this period are 1 for Golden Knights vs 0 for Blue Jackets.
Shots for this period are 10 for Golden Knights vs 7 for Blue Jackets.
2nd period
0:01 of 2nd period - Andrei Loktionov wins face-off versus Devin Setoguchi in neutral zone.
0:13 of 2nd period - Slapshot by Michael Frolik.
0:13 of 2nd period - Goal by Michael Frolik - Golden Knights : 2 - Blue Jackets : 0.
0:14 of 2nd period - Michael Frolik wins face-off versus Devin Setoguchi in neutral zone.
0:21 of 2nd period - Slapshot by Zach Bogosian.
0:21 of 2nd period - Shot Misses the Net.
0:23 of 2nd period - Snap shot by Ilya Kovalchuk.
0:23 of 2nd period - Goal by Ilya Kovalchuk - Golden Knights : 3 - Blue Jackets : 0.
0:24 of 2nd period - Matt Stajan wins face-off versus Tyler Seguin in neutral zone.
0:27 of 2nd period - Slapshot by Michael Kostka.
0:27 of 2nd period - Shot Misses the Net.
0:53 of 2nd period - Icing by Martin Havlat.
0:54 of 2nd period - Andrei Loktionov wins face-off versus Pavel Datsyuk in Blue Jackets zone.
1:15 of 2nd period - Wrist shot by Michael Frolik.
1:15 of 2nd period - Shot Misses the Net.
1:17 of 2nd period - Slapshot by Andrei Loktionov.
1:17 of 2nd period - Deflect By Martin Havlat.
1:17 of 2nd period - Goal by Andrei Loktionov - Golden Knights : 4 - Blue Jackets : 0.
1:17 of 2nd period - Andrei Vasilevskiy enters game.
1:18 of 2nd period - Matt Stajan wins face-off versus Artemi Panarin in neutral zone.
1:43 of 2nd period - Cam Fowler is hit by Shawn Matthias and loses puck.
2:00 of 2nd period - Shawn Matthias is hit by Dennis Wideman and loses puck.
2:13 of 2nd period - Wrist shot by Tyler Seguin.
2:13 of 2nd period - Stopped by Matt Hackett with a rebound.
2:15 of 2nd period - Slapshot by Artemi Panarin.
2:15 of 2nd period - Stopped by Matt Hackett with a rebound.
2:17 of 2nd period - Slapshot by Branislav Mezei.
2:17 of 2nd period - Shot Blocked by Mathew Dumba.
2:19 of 2nd period - Snap shot by Artemi Panarin.
2:19 of 2nd period - Stopped by Matt Hackett with a rebound.
2:21 of 2nd period - Snap shot by Rob Scuderi.
2:21 of 2nd period - Stopped by Matt Hackett with a rebound.
2:23 of 2nd period - Snap shot by Tyler Seguin.
2:23 of 2nd period - Stopped by Matt Hackett with a rebound.
2:39 of 2nd period - Wrist shot by Artemi Panarin.
2:39 of 2nd period - Deflect By Devin Setoguchi.
2:39 of 2nd period - Shot Misses the Net.
2:39 of 2nd period - Puck is out of play.
2:40 of 2nd period - Martin Havlat wins face-off versus Patrice Cormier in Golden Knights zone.
2:51 of 2nd period - Snap shot by Chris Higgins.
2:51 of 2nd period - Shot Misses the Net.
2:53 of 2nd period - Snap shot by Zach Bogosian.
2:53 of 2nd period - Stopped by Andrei Vasilevskiy without a rebound.
2:54 of 2nd period - Pavel Datsyuk wins face-off versus Andrei Loktionov in Blue Jackets zone.
3:04 of 2nd period - Minor Penalty to Pavel Datsyuk for High sticking.
3:05 of 2nd period - Tyler Seguin wins face-off versus Matt Stajan in Blue Jackets zone.
3:25 of 2nd period - Wrist shot by Ilya Kovalchuk.
3:25 of 2nd period - Shot Misses the Net.
3:27 of 2nd period - Wrist shot by Ilya Kovalchuk.
3:27 of 2nd period - Shot Misses the Net.
3:29 of 2nd period - Slapshot by Wes O'Neill.
3:29 of 2nd period - Stopped by Andrei Vasilevskiy without a rebound.
3:30 of 2nd period - Eric Wellwood wins face-off versus Matt Stajan in Blue Jackets zone.
5:02 of 2nd period - Icing by Michael Frolik.
5:03 of 2nd period - Cody Eakin wins face-off versus Matt Stajan in Golden Knights zone.
5:04 of 2nd period - Penalty to Pavel Datsyuk is over, Pavel Datsyuk is back on ice.
5:04 of 2nd period - Snap shot by Martin Havlat.
5:04 of 2nd period - Stopped by Matt Hackett without a rebound.
5:05 of 2nd period - Michael Frolik wins face-off versus Pavel Datsyuk in Golden Knights zone.
5:10 of 2nd period - Slapshot by Wes O'Neill.
5:10 of 2nd period - Deflect By Martin Havlat.
5:10 of 2nd period - Stopped by Andrei Vasilevskiy with a rebound.
5:12 of 2nd period - Snap shot by Michael Frolik.
5:12 of 2nd period - Goal by Michael Frolik - Golden Knights : 5 - Blue Jackets : 0.
5:13 of 2nd period - Andrei Loktionov wins face-off versus Tyler Seguin in neutral zone.
5:15 of 2nd period - Off-side.
5:16 of 2nd period - Andrei Loktionov wins face-off versus Tyler Seguin in neutral zone.
5:33 of 2nd period - Snap shot by Michael Frolik.
5:33 of 2nd period - Stopped by Andrei Vasilevskiy without a rebound.
5:34 of 2nd period - Pavel Datsyuk wins face-off versus Matt Stajan in Blue Jackets zone.
5:43 of 2nd period - Wrist shot by Martin Havlat.
5:43 of 2nd period - Stopped by Matt Hackett with a rebound.
6:01 of 2nd period - Cam Fowler is hit by Michael Frolik and loses puck.
6:22 of 2nd period - Shawn Matthias is hit by Eric Wellwood and loses puck.
6:35 of 2nd period - Mike Lundin is hit by Zach Bogosian and loses puck.
6:58 of 2nd period - Snap shot by Cody Eakin.
6:58 of 2nd period - Stopped by Matt Hackett without a rebound.
6:59 of 2nd period - Andrei Loktionov wins face-off versus Tyler Seguin in Golden Knights zone.
6:59 of 2nd period - Andrei Loktionov is hit by Artemi Panarin.
7:06 of 2nd period - Minor Penalty to Artemi Panarin for Hooking.
7:07 of 2nd period - Matt Stajan wins face-off versus Tyler Seguin in Blue Jackets zone.
7:09 of 2nd period - Snap shot by Michael Frolik.
7:09 of 2nd period - Stopped by Andrei Vasilevskiy with a rebound.
7:11 of 2nd period - Slapshot by Zach Bogosian.
7:11 of 2nd period - Stopped by Andrei Vasilevskiy with a rebound.
8:24 of 2nd period - Icing by Jared Cowen.
8:25 of 2nd period - Cody Eakin wins face-off versus Matt Stajan in Golden Knights zone.
8:26 of 2nd period - Snap shot by Max Pacioretty.
8:26 of 2nd period - Stopped by Matt Hackett with a rebound.
8:59 of 2nd period - Icing by Mathew Dumba.
9:00 of 2nd period - Andrei Loktionov wins face-off versus Tyler Seguin in Golden Knights zone.
9:06 of 2nd period - Penalty to Artemi Panarin is over, Artemi Panarin is back on ice.
9:28 of 2nd period - Vladimir Mihalik is hit by Mike Lundin and loses puck.
9:48 of 2nd period - Slapshot by Brandon Bollig.
9:48 of 2nd period - Shot Blocked by Chris Tierney.
9:57 of 2nd period - Vladimir Mihalik is hit by Dennis Wideman and loses puck.
10:16 of 2nd period - Wrist shot by Tyler Kennedy.
10:16 of 2nd period - Goal by Tyler Kennedy - Golden Knights : 5 - Blue Jackets : 1.
10:17 of 2nd period - Tyler Seguin wins face-off versus Matt Stajan in neutral zone.
10:46 of 2nd period - Wrist shot by Pavel Datsyuk.
10:46 of 2nd period - Stopped by Matt Hackett without a rebound.
10:47 of 2nd period - Pavel Datsyuk wins face-off versus Andrei Loktionov in Golden Knights zone.
10:48 of 2nd period - Snap shot by Max Pacioretty.
10:48 of 2nd period - Stopped by Matt Hackett without a rebound.
10:49 of 2nd period - Tyler Seguin wins face-off versus Matt Stajan in Golden Knights zone.
10:55 of 2nd period - Double Minor Penalty to Wayne Simmonds for Roughing.
10:56 of 2nd period - Chris Tierney wins face-off versus Tyler Seguin in Golden Knights zone.
11:25 of 2nd period - Slapshot by Cam Fowler.
11:25 of 2nd period - Shot Hit the Post.
11:27 of 2nd period - Slapshot by Cam Fowler.
11:27 of 2nd period - Shot Misses the Net.
11:29 of 2nd period - Snap shot by Martin Havlat.
11:29 of 2nd period - Goal by Martin Havlat - Golden Knights : 5 - Blue Jackets : 2.
11:30 of 2nd period - Tyler Seguin wins face-off versus Chris Tierney in neutral zone.
11:43 of 2nd period - Snap shot by Artemi Panarin.
11:43 of 2nd period - Shot Misses the Net.
11:45 of 2nd period - Snap shot by Devin Setoguchi.
11:45 of 2nd period - Stopped by Matt Hackett with a rebound.
11:47 of 2nd period - Slapshot by Mike Lundin.
11:47 of 2nd period - Shot Blocked by Michael Kostka.
12:33 of 2nd period - Devin Setoguchi is hit by Ilya Kovalchuk and loses puck.
12:39 of 2nd period - Icing by Branislav Mezei.
12:40 of 2nd period - Chris Tierney wins face-off versus Tyler Seguin in Blue Jackets zone.
13:29 of 2nd period - Penalty to Wayne Simmonds is over, Wayne Simmonds is back on ice.
13:43 of 2nd period - Artemi Panarin is hit by Ilya Kovalchuk and loses puck.
14:06 of 2nd period - Snap shot by Ilya Kovalchuk.
14:06 of 2nd period - Shot Blocked by Tyler Seguin.
14:08 of 2nd period - Snap shot by Wayne Simmonds.
14:08 of 2nd period - Stopped by Andrei Vasilevskiy with a rebound.
14:10 of 2nd period - Wrist shot by Wayne Simmonds.
14:10 of 2nd period - Goal by Wayne Simmonds - Golden Knights : 6 - Blue Jackets : 2.
14:11 of 2nd period - Pavel Datsyuk wins face-off versus Patrice Cormier in neutral zone.
14:20 of 2nd period - Snap shot by Max Pacioretty.
14:20 of 2nd period - Stopped by Matt Hackett without a rebound.
14:21 of 2nd period - Pavel Datsyuk wins face-off versus Patrice Cormier in Golden Knights zone.
14:38 of 2nd period - Slapshot by Martin Havlat.
14:38 of 2nd period - Shot Misses the Net.
14:56 of 2nd period - Backhand shot by Chris Higgins.
14:56 of 2nd period - Shot Misses the Net.
14:58 of 2nd period - Slapshot by Sergei Plotnikov.
14:58 of 2nd period - Shot Misses the Net.
15:00 of 2nd period - Slapshot by Mathew Dumba.
15:00 of 2nd period - Stopped by Andrei Vasilevskiy with a rebound.
15:02 of 2nd period - Snap shot by Patrice Cormier.
15:02 of 2nd period - Shot Misses the Net.
15:06 of 2nd period - Snap shot by Patrice Cormier.
15:06 of 2nd period - Shot Misses the Net.
15:08 of 2nd period - Wrist shot by Patrice Cormier.
15:08 of 2nd period - Shot Misses the Net.
15:10 of 2nd period - Snap shot by Chris Higgins.
15:10 of 2nd period - Deflect By Patrice Cormier.
15:10 of 2nd period - Shot Misses the Net.
15:10 of 2nd period - Puck is out of play.
15:11 of 2nd period - Andrei Loktionov wins face-off versus Peter Mueller in Blue Jackets zone.
16:41 of 2nd period - Andreas Nodl is hit by Vladimir Mihalik and loses puck.
17:25 of 2nd period - Slapshot by Mathew Dumba.
17:25 of 2nd period - Deflect By Pavel Datsyuk.
17:25 of 2nd period - Stopped by Andrei Vasilevskiy with a rebound.
18:05 of 2nd period - Minor Penalty to Vladimir Mihalik for Slashing.
18:06 of 2nd period - Chris Tierney wins face-off versus Tyler Seguin in Golden Knights zone.
Goals for this period are 5 for Golden Knights vs 2 for Blue Jackets.
Shots for this period are 14 for Golden Knights vs 15 for Blue Jackets.
3rd period
0:01 of 3rd period - Tyler Seguin wins face-off versus Chris Tierney in neutral zone.
0:05 of 3rd period - Penalty to Vladimir Mihalik is over, Vladimir Mihalik is back on ice.
1:49 of 3rd period - Wrist shot by Patrice Cormier.
1:49 of 3rd period - Stopped by Andrei Vasilevskiy with a rebound.
2:11 of 3rd period - Slapshot by Zach Bogosian.
2:11 of 3rd period - Shot Blocked by Dalton Prout.
2:41 of 3rd period - Snap shot by Tyler Seguin.
2:41 of 3rd period - Stopped by Matt Hackett with a rebound.
2:53 of 3rd period - Wrist shot by Tyler Seguin.
2:53 of 3rd period - Shot Misses the Net.
2:59 of 3rd period - Minor Penalty to Ilya Kovalchuk for Boarding.
3:00 of 3rd period - Tyler Seguin wins face-off versus Chris Tierney in Golden Knights zone.
3:11 of 3rd period - Chris Tierney is hit by Devin Setoguchi.
3:27 of 3rd period - Mike Lundin is hit by Mathew Dumba and loses puck.
4:42 of 3rd period - Chris Tierney is hit by Max Pacioretty and loses puck.
4:59 of 3rd period - Penalty to Ilya Kovalchuk is over, Ilya Kovalchuk is back on ice.
5:06 of 3rd period - Zach Bogosian is hit by Mike Lundin and loses puck.
5:44 of 3rd period - Minor Penalty to Andreas Nodl for Tripping.
5:45 of 3rd period - Matt Stajan wins face-off versus Tyler Seguin in Blue Jackets zone.
6:02 of 3rd period - Dennis Wideman is hit by Sergei Plotnikov and loses puck.
7:31 of 3rd period - Andrei Loktionov is hit by Eric Wellwood and loses puck.
7:44 of 3rd period - Penalty to Andreas Nodl is over, Andreas Nodl is back on ice.
8:29 of 3rd period - Snap shot by Brandon Bollig.
8:29 of 3rd period - Shot Misses the Net.
8:31 of 3rd period - Slapshot by Branislav Mezei.
8:31 of 3rd period - Stopped by Matt Hackett without a rebound.
8:32 of 3rd period - Tyler Seguin wins face-off versus Wayne Simmonds in Golden Knights zone.
8:43 of 3rd period - Wrist shot by Matt Stajan.
8:43 of 3rd period - Deflect By Wayne Simmonds.
8:43 of 3rd period - Shot Blocked by Dennis Wideman.
8:43 of 3rd period - Puck is out of play.
8:44 of 3rd period - Andrei Loktionov wins face-off versus Tyler Seguin in Blue Jackets zone.
8:57 of 3rd period - Artemi Panarin is hit by Andrei Loktionov and loses puck.
9:10 of 3rd period - Cam Fowler is hit by Michael Kostka and loses puck.
9:15 of 3rd period - Snap shot by Matt Stajan.
9:15 of 3rd period - Shot Misses the Net.
9:29 of 3rd period - Wrist shot by Chris Tierney.
9:29 of 3rd period - Shot Blocked by Artemi Panarin.
9:31 of 3rd period - Snap shot by Shawn Matthias.
9:31 of 3rd period - Shot Blocked by Cam Fowler.
10:24 of 3rd period - Slapshot by Jared Cowen.
10:24 of 3rd period - Deflect By Matt Stajan.
10:24 of 3rd period - Goal by Matt Stajan - Golden Knights : 7 - Blue Jackets : 2.
10:25 of 3rd period - Pavel Datsyuk wins face-off versus Matt Stajan in neutral zone.
10:28 of 3rd period - Mathew Dumba is hit by Dalton Prout and loses puck.
10:58 of 3rd period - Wrist shot by Andrei Loktionov.
10:58 of 3rd period - Stopped by Andrei Vasilevskiy with a rebound.
11:00 of 3rd period - Wrist shot by Andrei Loktionov.
11:00 of 3rd period - Shot Misses the Net.
11:02 of 3rd period - Slapshot by Vladimir Mihalik.
11:02 of 3rd period - Shot Blocked by Eric Wellwood.
12:12 of 3rd period - Wrist shot by Michael Frolik.
12:12 of 3rd period - Shot Misses the Net.
12:42 of 3rd period - Tyler Seguin is hit by Vladimir Mihalik.
12:48 of 3rd period - Tyler Seguin is hit by Shawn Matthias and loses puck.
12:58 of 3rd period - Off-side.
12:59 of 3rd period - Andrei Loktionov wins face-off versus Pavel Datsyuk in neutral zone.
13:14 of 3rd period - Snap shot by Michael Frolik.
13:14 of 3rd period - Stopped by Andrei Vasilevskiy with a rebound.
13:26 of 3rd period - Devin Setoguchi is hit by Zach Bogosian and loses puck.
13:31 of 3rd period - Slapshot by Wayne Simmonds.
13:31 of 3rd period - Shot Misses the Net.
13:39 of 3rd period - Wrist shot by Wayne Simmonds.
13:39 of 3rd period - Shot Blocked by Mike Lundin.
16:29 of 3rd period - Mike Lundin is hit by Jared Cowen.
16:40 of 3rd period - Minor Penalty to Dalton Prout for Hooking.
16:41 of 3rd period - Ilya Kovalchuk wins face-off versus Tyler Seguin in Blue Jackets zone.
16:52 of 3rd period - Snap shot by Andrei Loktionov.
16:52 of 3rd period - Shot Misses the Net.
16:54 of 3rd period - Snap shot by Andrei Loktionov.
16:54 of 3rd period - Stopped by Andrei Vasilevskiy without a rebound.
16:55 of 3rd period - Matt Stajan wins face-off versus Tyler Seguin in Blue Jackets zone.
17:00 of 3rd period - Slapshot by Matt Stajan.
17:00 of 3rd period - Deflect By Michael Frolik.
17:00 of 3rd period - Stopped by Andrei Vasilevskiy with a rebound.
17:35 of 3rd period - Slapshot by Andrei Loktionov.
17:35 of 3rd period - Goal by Andrei Loktionov - Golden Knights : 8 - Blue Jackets : 2.
17:36 of 3rd period - Artemi Panarin wins face-off versus Matt Stajan in neutral zone.
18:01 of 3rd period - Artemi Panarin is hit by Shawn Matthias and loses puck.
18:16 of 3rd period - Slapshot by Dennis Wideman.
18:16 of 3rd period - Shot Misses the Net.
18:29 of 3rd period - Minor Penalty to Dennis Wideman for Hooking.
18:30 of 3rd period - Matt Stajan wins face-off versus Pavel Datsyuk in Blue Jackets zone.
Goals for this period are 2 for Golden Knights vs 0 for Blue Jackets.
Shots for this period are 7 for Golden Knights vs 2 for Blue Jackets.